 Dungeon Crawl Stone Soup version 0.23-a0-182-g58cdd98 (webtiles) character file.

1745 Atlas the Grappler (level 8, 0/78 HPs)
             Began as a Troll Monk on Sept 21, 2018.
             Was a Believer of Okawaru.
             Slain by an adder (1 damage)
             ... while paralysed by a hornet
             ... on level 6 of the Dungeon.
             The game lasted 00:06:44 (4230 turns).

Atlas the Grappler (Troll Monk)                     Turns: 4230, Time: 00:06:44

Health: 0/78       AC:  5    Str: 22    XL:     8   Next: 77%
Magic:  0/7        EV:  1    Int:  6    God:    Okawaru [**....]
Gold:   373        SH:  0    Dex: 12    Spells: 7/7 levels left

rFire    x . .     SeeInvis .     - Unarmed
rCold    + . .     Gourm    +   (no shield)
rNeg     . . .     Faith    .   a - +0 robe
rPois    .         Spirit   +   (helmet restricted)
rElec    .         Reflect  .   l - scarf {Spirit}
rCorr    .         Harm     .   (gloves unavailable)
MR       .....                  (boots unavailable)
Stlth    +.........             (no amulet)
HPRegen  0.63/turn              z - ring of attention (curse)
MPRegen  0.10/turn              B - ring of ice

@: paralysed, lethally poisoned (0 -> -1), slowed
A: large, unfitting armour, claws 3, fast metabolism 3, gourmand, regeneration
1, shaggy fur 1, tough skin 2
a: Heroism, Renounce Religion


You were on level 6 of the Dungeon.
You worshipped Okawaru.
Okawaru was pleased with you.
You were not hungry.

You visited 1 branch of the dungeon, and saw 7 of its levels.

You collected 373 gold pieces.

Inventory:

Armour
 a - a +0 robe (worn)
 l - a scarf of spirit shield (worn)
 n - a scarf of cloud immunity
Jewellery
 z - a cursed ring of attention (left claw)
 B - a ring of ice (right claw)
Scrolls
 f - a scroll of amnesia {unknown}
 h - 5 scrolls of remove curse {unknown}
 i - 2 scrolls of magic mapping {unknown}
 k - 11 scrolls of identify {unknown}
 m - 2 scrolls of fog {unknown}
 o - 2 scrolls of random uselessness {unknown}
 p - 4 scrolls of immolation {unknown}
 t - a scroll of noise {unknown}
 u - 2 scrolls of fear {unknown}
 v - 7 scrolls of teleportation {unknown}
 x - 3 scrolls of enchant armour {unknown}
 y - a scroll of silence {unknown}
 A - a scroll of enchant weapon {unknown}
 C - a scroll of blinking {unknown}
Potions
 c - a potion of mutation {unknown}
 d - 2 potions of heal wounds {unknown}
 e - 2 potions of experience {unknown}
 g - 4 potions of curing {unknown}
 j - 2 potions of degeneration {unknown}
 q - 2 potions of haste {unknown}
 r - a potion of invisibility {unknown}
 s - a potion of agility {unknown}
 w - a potion of berserk rage {unknown}
Comestibles
 b - 7 rations


   Skills:
 + Level 4.3 Fighting
 + Level 4.9 Dodging
 - Level 1.0 Stealth
 + Level 9.6 Unarmed Combat


You had 7 spell levels left.
You didn't know any spells.
Your spell library contained the following spells:

 Spells                   Type           Power        Failure   Level  Hunger
 Animate Skeleton         Necr           N/A          45%         1    ##.....
 Apportation              Tloc           #.....       45%         1    ##.....
 Confusing Touch          Hex            #.....       45%         1    ##.....
 Corona                   Hex            #......      45%         1    ##.....
 Summon Small Mammal      Summ           #...         45%         1    ##.....
 Slow                     Hex            #.......     58%         2    ###....
 Inner Flame              Hex/Fire       #.......     83%         3    ####...
 Portal Projectile        Hex/Tloc       #.....       83%         3    ####...
 Cause Fear               Hex            #.........   99%         4    #####..
 Leda's Liquefaction      Hex/Erth       #.........   99%         4    #####..


Dungeon Overview and Level Annotations

Branches:
Dungeon (7/15)
 Temple: D:4-7

Altars:
Ashenzari
Cheibriados
Fedhas
Makhleb
Nemelex Xobeh
Okawaru
Sif Muna
Wu Jian
Yredelemnul


Innate Abilities, Weirdness & Mutations

You are too large for most types of armour.
You have claws for hands.
Your metabolism is lightning-fast.
You like to eat raw meat.
Your natural rate of healing is unusually fast.
You are covered in fur. (AC +1)
You have very tough skin. (AC +2)


Message History

The adder poisons you!
You closely miss the hornet.
The hornet is almost dead.
You feel sick. The hornet stings you.
* * * LOW HITPOINT WARNING * * *
You feel as though you will be slow longer.
The orc closely misses you. The adder misses you. The hornet stings you!
* * * LOW HITPOINT WARNING * * *
You suddenly lose the ability to move!
You feel sick. The adder bites you but does no damage. The hornet stings you.
You feel as though you will be slow longer.
The orc hits you with a hand axe.
* * * LOW HITPOINT WARNING * * *
The adder bites you but does no damage.
The hornet stings you but does no damage.
You feel sick. The orc hits you but does no damage. The hornet stings you!
* * * LOW HITPOINT WARNING * * *
You feel as though you will be slow longer.
The adder bites you.
You die...

#####.............#
####.........##
######.......##
##.....#.....##
#...........##
##...........##
#.........##..#
#.o......###..##
##@y.....## ##..##
#..S....## ##..#
#......## ##.##
###....# ##.#
##..## #.. #..##
##. #### ## #


You could see a hornet, an adder and an orc.

Vanquished Creatures
  Sigmund (D:2)
  A sky beast (D:5)
  4 ice beasts
  2 ogres
  3 phantoms
  Blork the orc (D:5)
  A wight (D:6)
  2 crimson imps
  A centaur zombie (D:5)
  3 hounds (D:5)
  Crazy Yiuf (D:6)
  A jelly (D:5)
  A bullfrog skeleton (D:6)
  A centaur skeleton (D:4)
  3 worker ants
  3 gnolls (D:3)
  9 adders
  A shadow imp (D:6)
  An ooze (D:4)
  4 worms
  2 leopard geckos
  13 orcs
  11 bats
  4 giant cockroaches
  9 goblins
  9 hobgoblins
  10 jackals
  5 quokkas
  6 frilled lizards
  A jackal skeleton (D:6)
  8 kobolds
  A quokka skeleton (D:4)
  7 rats
130 creatures vanquished.

Vanquished Creatures (others)
  2 fungi (D:5)
  A plant (D:5)
3 creatures vanquished.

Grand Total: 133 creatures vanquished

Notes
Turn   | Place    | Note
-------+----------+-------------------------------------------
     0 | D:1      | Atlas the Troll Monk began the quest for the Orb.
     0 | D:1      | Reached XP level 1. HP: 22/22 MP: 0/0
    93 | D:1      | Reached XP level 2. HP: 22/29 MP: 1/1
   587 | D:2      | Noticed Sigmund
   590 | D:2      | Killed Sigmund
   590 | D:2      | Reached skill level 4 in Unarmed Combat
   590 | D:2      | Reached XP level 3. HP: 37/37 MP: 2/2
   590 | D:2      | Reached XP level 4. HP: 45/45 MP: 3/3
   590 | D:2      | Reached XP level 5. HP: 53/53 MP: 4/4
   706 | D:2      | Found a deep blue altar of Sif Muna.
  1088 | D:3      | Reached skill level 5 in Unarmed Combat
  1250 | D:3      | Reached XP level 6. HP: 43/61 MP: 2/5
  1442 | D:3      | Found a snail-covered altar of Cheibriados.
  1694 | D:3      | Noticed an ice beast
  1702 | D:3      | Killed an ice beast
  2130 | D:4      | Reached skill level 6 in Unarmed Combat
  2177 | D:4      | Reached XP level 7. HP: 59/67 MP: 4/6
  2625 | D:5      | Entered Level 5 of the Dungeon
  2662 | D:5      | Found a sparkling altar of Nemelex Xobeh.
  2662 | D:5      | Found a basalt altar of Yredelemnul.
  2704 | D:5      | Reached skill level 7 in Unarmed Combat
  3086 | D:5      | Reached skill level 8 in Unarmed Combat
  3086 | D:5      | Reached XP level 8. HP: 78/78 MP: 7/7
  3236 | D:5      | Found a shattered altar of Ashenzari.
  3240 | D:5      | Saw a vision of the Swamp and the Snake Pit.
  3240 | D:5      | Noticed a mana viper
  3240 | D:5      | Noticed an anaconda
  3240 | D:5      | Noticed a shock serpent
  3240 | D:5      | Noticed a mana viper
  3240 | D:5      | Noticed a salamander
  3240 | D:5      | Noticed a naga mage
  3240 | D:5      | Noticed a mana viper
  3240 | D:5      | Noticed a salamander
  3240 | D:5      | Noticed a black mamba
  3240 | D:5      | Noticed an anaconda
  3242 | D:5      | Noticed an alligator
  3244 | D:5      | Noticed an alligator
  3323 | D:5      | Noticed Blork the orc
  3331 | D:5      | Killed Blork the orc
  3344 | D:5      | Found an ornate altar of the Wu Jian Council.
  3346 | D:5      | Found a burning altar of Makhleb.
  3459 | D:5      | Found a blossoming altar of Fedhas.
  3554 | D:6      | Found an iron altar of Okawaru.
  3567 | D:6      | Became a worshipper of Warmaster Okawaru
  3567 | D:6      | Reached * piety under Okawaru
  3567 | D:6      | Reached ** piety under Okawaru
  3573 | D:6      | Reached skill level 9 in Unarmed Combat
  3887 | D:6      | Found a runed door.
  4165 | D:6      | Noticed Crazy Yiuf
  4170 | D:6      | Killed Crazy Yiuf
  4218 | D:7      | Noticed a hornet
  4228 | D:6      | Paralysed by a hornet for 3 turns
  4230 | D:6      | HP: 1/78 [hornet (9)]
  4230 | D:6      | Slain by an adder

Vault maps used:
D:1:      dpeg_arrival_tiny_j
D:2:      lemuel_crystal_altar, uniq_sigmund
D:3:      first_ration, cheibriados_altar_1
D:5:      nicolae_overflow_hidden_temple, grunt_ashenzari_visionary,
          uniq_blork_the_orc
D:6:      kennysheep_little_box, kennysheep_generic_room_4,
          uniq_crazy_yiuf_cottage
D:7:      temple_green

Skill      XL: |  1  2  3  4  5  6  7  8 |
---------------+-------------------------+-----
Fighting       | 3 4 |  4.3
Dodging        | 3 4 |  4.9
Unarmed Combat | 4 5 6 8 9 |  9.6
Stealth        | |  1.0

Action                   |  1- 3 |  4- 6 |  7- 9 || total
-------------------------+-------+-------+-------++-------
Melee: Unarmed           |    46 |   165 |   166 ||   377
       Punch             |     1 |       |     9 ||    10
 Stab: Sleeping          |     4 |     6 |     3 ||    13
  Eat: Chunk             |    11 |    12 |    13 ||    36
Armor: Robe              |    25 |    58 |    40 ||   123
Dodge: Dodged            |    27 |    90 |    63 ||   180

Table legend:
 A = Non-vault XP
 B = Vault XP
 C = Vault XP percentage of total XP
 D = Non-vault monster count
 E = Vault monster count
 F = Vault count percentage of total count
                 A         B        C        D         E       F
            +---------+---------+-------+---------+---------+-------
      Total |    2100 |     393 |  15.8 |     126 |       4 |   3.1
            +---------+---------+-------+---------+---------+-------
        D:1 |      29 |       0 |   0.0 |      19 |       0 |   0.0
        D:2 |      91 |     208 |  69.6 |      32 |       1 |   3.0
        D:3 |     258 |       0 |   0.0 |      28 |       0 |   0.0
        D:4 |     309 |       0 |   0.0 |      22 |       0 |   0.0
        D:5 |     946 |      87 |   8.4 |      17 |       1 |   5.6
        D:6 |     467 |      98 |  17.3 |       8 |       2 |  20.0
            +---------+---------+-------+---------+---------+-------
